 Dungeon Crawl Stone Soup version 0.21.0-26-g889b8f6872 (webtiles) character file.

114 Gargoyl the Skirmisher (level 4, -4/38 HPs)
             Began as a Centaur Abyssal Knight on Jan 28, 2018.
             Was a Believer of Lugonu.
             Killed from afar by Natasha (7 damage)
             ... with a magic dart
             ... on level 2 of the Dungeon.
             The game lasted 00:03:18 (2069 turns).

Gargoyl the Skirmisher (Centaur Abyssal Knight)     Turns: 2069, Time: 00:03:18

Health: -4/38      AC:  7    Str: 14    XL:     4   Next: 67%
Magic:  6/6        EV:  8    Int: 11    God:    Lugonu [**....]
Gold:   78         SH:  0    Dex: 10    Spells: 3/3 levels left

rFire    . . .     SeeInvis .   a - +1 hand axe
rCold    + . .     Gourm    .   (no shield)
rNeg     . . .     Faith    .   h - +0 ring mail
rPois    .         Spirit   .   (no helmet)
rElec    .         Reflect  .   g - +0 cloak
rCorr    .         Harm     .   (no gloves)
MR       .....                  (no barding)
Stlth    ..........             (no amulet)
HPRegen  0.12/turn              e - ring of protection from cold
MPRegen  0.10/turn              (no ring)

@: flying, very quick
A: large, hooves 3, deformed body, speed 2, tough skin 3
a: Depart the Abyss, Bend Space, Renounce Religion


You were on level 2 of the Dungeon.
You worshipped Lugonu.
Lugonu was pleased with you.
You were not hungry.

You visited 1 branch of the dungeon, and saw 2 of its levels.
You visited the Abyss 1 time.

You collected 78 gold pieces.

Inventory:

Hand Weapons
 a - a +1 hand axe (weapon)
Armour
 g - a +0 cloak (worn)
 h - a +0 ring mail (worn)
Jewellery
 e - a ring of protection from cold (left hand)
Scrolls
 f - 2 scrolls of remove curse
 i - a scroll of fear {unknown}
Comestibles
 c - a ration
 d - 5 chunks of flesh


   Skills:
 + Level 3.5 Fighting
 + Level 2.8 Axes
 * Level 2.2 Armour
 + Level 1.0 Dodging
 * Level 2.9 Invocations


You had 3 spell levels left.
You didn't know any spells.

Dungeon Overview and Level Annotations

Branches:
Dungeon (2/15)

Altars:
Nemelex Xobeh

Annotations:
D:2 Natasha


Innate Abilities, Weirdness & Mutations

You have hooves in place of feet.
Armour fits poorly on your strangely shaped body.
You cover ground very quickly.
You have extremely tough skin. (AC +3)


Message History

Natasha shimmers violently.
Natasha claws you. Natasha barely misses you.
Unknown command.
It was a potion of cancellation.
Your magical effects are unravelling.
You feel magically purged.
You feel yourself speed up.
Natasha casts a spell.
It was a potion of flight.
You feel very buoyant.
You fly up into the air.
Natasha claws you.
* * * LOW HITPOINT WARNING * * *
Unknown command.
Natasha stares at you and mumbles some strange words.
The magic dart hits you!
* * * LOW HITPOINT WARNING * * *
You see here a quokka skeleton.
Natasha casts a spell at you. The magic dart hits you!
You die...

#.....)....##.# #...<#
#.)...$....####.####
#.##.#######..## #.##)#
#.## .#####.##÷#### #.#
#..........h..# ##.##
........##.##.###...#
#######.##.##...8.#.#
#.....##..@....## #+#
#..#####.P.P..#.###.###
#..#
#......#.##..#.#####
#..#
######.....†........
#.. ###.#.#########
#####<#.# #)....#.#
#.###.#.# #.....#.#


You could see Natasha.

Vanquished Creatures
  Natasha (D:2)
  A gnoll (D:1)
  An adder (D:2)
  3 worms (D:2)
  2 dart slugs (D:2)
  2 leopard geckos (D:1)
  A ball python (D:1)
  3 giant cockroaches
  3 goblins (D:2)
  4 hobgoblins
  11 jackals
  4 kobolds (D:1)
  A quokka (D:2)
  7 bats
  5 frilled lizards
  4 rats
53 creatures vanquished.

Notes
Turn   | Place    | Note
-------+----------+-------------------------------------------
     0 | Abyss:1  | Gargoyl the Centaur Abyssal Knight began the quest for the Orb.
     0 | Abyss:1  | Reached XP level 1. HP: 19/19 MP: 2/2
   114 | Abyss:1  | Noticed a large abomination
   126 | D:1      | Escaped the Abyss
   456 | D:1      | Reached * piety under Lugonu
   456 | D:1      | Reached XP level 2. HP: 22/26 MP: 3/3
  1154 | D:1      | Reached XP level 3. HP: 27/31 MP: 4/4
  1635 | D:2      | Reached ** piety under Lugonu
  1649 | D:2      | Found a sparkling altar of Nemelex Xobeh.
  1693 | D:2      | Found a faded altar of an unknown god.
  1707 | D:2      | Reached XP level 4. HP: 38/38 MP: 6/6
  1855 | D:2      | Noticed Natasha
  1867 | D:2      | Killed Natasha
  1867 | D:2      | Reached skill level 1 in Dodging
  2044 | D:2      | Noticed Natasha
  2069 | D:2      | Killed from afar by Natasha

Skill      XL: |  1  2  3  4 |
---------------+-------------+-----
Axes           | 2 |  2.8
Armour         | 2 |  2.2
Dodging        | 1 |  1.0
Fighting       | |  3.5
Invocations    | |  2.9

Action                   |  1- 3 |  4- 6 || total
-------------------------+-------+-------++-------
Melee: Hand axe          |   140 |    32 ||   172
       Kick              |    19 |     1 ||    20
Invok: Depart the Abyss  |     1 |       ||     1
  Use: Potion            |     1 |     2 ||     3
       Scroll            |     3 |       ||     3
  Eat: Chunk             |     2 |     1 ||     3
Armor: Leather armour    |    40 |       ||    40
       Skin              |     3 |       ||     3
       Ring mail         |    30 |     8 ||    38
Dodge: Dodged            |   106 |    11 ||   117
